 Dungeon Crawl Stone Soup version 0.28.0 (webtiles) character file.

Game seed: 15658896479906098636

1052 Host24 the Quickloader (level 8, 0/48 HPs)
             Began as a Kobold Hunter on Feb 20, 2022.
             Was an Initiate of Okawaru.
             Slain by a killer bee (8 damage)
             ... on level 5 of the Dungeon.
             The game lasted 00:10:17 (6562 turns).

Host24 the Quickloader (Kobold Hunter)              Turns: 6562, Time: 00:10:17

Health: 0/48       AC:  8    Str: 11    XL:     8   Next: 51%
Magic:  8/8        EV: 14    Int: 13    God:    Okawaru [......]
Gold:   212        SH:  0    Dex: 15    Spells: 7/7 levels left

rFire   . . .      SeeInvis .   p - +1 dagger (venom)
rCold   . . .      Faith    .   (no shield)
rNeg    . . .      Spirit   .   c - +0 leather armour
rPois   .          Reflect  .   w - +0 helmet
rElec   .          Harm     .   (no cloak)
rCorr   .          Rampage  .   (no gloves)
Will    .....                   (no boots)
Stlth   +++.......              (no amulet)
HPRegen 0.16/turn               k - ring of flight
MPRegen 0.11/turn               m - +4 ring of protection

@: flying
A: small, no large weapons, nightstalker 3
a: Renounce Religion


You were on level 5 of the Dungeon.
You worshipped Okawaru.
Okawaru was noncommittal.
You visited 2 branches of the dungeon, and saw 6 of its levels.

You collected 212 gold pieces.

Inventory:

Hand Weapons
 a - a +1 hand crossbow
 o - a +2 short sword of draining
 p - a +1 dagger of venom (weapon)
 C - a +1 whip of electrocution
Missiles
 d - 59 bolts
 e - 119 stones (quivered)
 i - 57 arrows
Armour
 c - a +0 leather armour (worn)
 w - a +0 helmet (worn)
Jewellery
 k - a ring of flight (left hand)
 m - a +4 ring of protection (right hand)
Wands
 v - a wand of polymorph (7)
Scrolls
 b - a scroll of fear {unknown}
 f - 4 scrolls of teleportation {unknown}
 g - 2 scrolls of noise {unknown}
 j - 5 scrolls of identify {unknown}
 n - a scroll of brand weapon {unknown}
 q - a scroll of magic mapping {unknown}
 s - a scroll of holy word {unknown}
 u - a scroll of vulnerability {unknown}
 x - a scroll of enchant armour {unknown}
 y - a scroll of immolation {unknown}
 A - a scroll of summoning {unknown}
 D - a scroll of amnesia {unknown}
Potions
 h - 2 potions of magic {unknown}
 l - 2 potions of flight {unknown}
 r - a potion of curing
 t - 2 potions of haste {unknown}
 z - a potion of might {unknown}
 B - a potion of brilliance {unknown}


   Skills:
 + Level 4.0 Fighting
 - Level 11.4 Crossbows
 - Level 3.0 Dodging
 - Level 1.3 Stealth


You had 7 spell levels left.
You didn't know any spells.
Your spell library contained the following spells:

 Spells                   Type           Power      Damage    Failure   Level
 Apportation              Tloc           0%         N/A       38%         1
 Magic Dart               Conj           0%         1d3       38%         1
 Corpse Rot               Necr/Air       0%         N/A       52%         2
 Poisonous Vapours        Pois/Air       0%         N/A       52%         2
 Mephitic Cloud           Conj/Pois/Air  0%         N/A       77%         3
 Alistair's Intoxication  Tmut/Pois      0%         N/A       100%        5
 Iskenderun's Battlesphe  Conj           0%         2d6       100%        5
 Iron Shot                Conj/Erth      0%         9d1       100%        6
 Call Imp                 Summ           Unusable   N/A       N/A         2
 Spellforged Servitor     Conj/Summ      Unusable   N/A       N/A         7

Dungeon Overview and Level Annotations

Branches:
Dungeon (5/15)             Temple (1/1) D:5

Altars:
Ashenzari
Cheibriados
Dithmenos
Elyvilon
Fedhas
Hepliaklqana
Kikubaaqudgha
Makhleb
Nemelex Xobeh
Okawaru
Qazlal
Ru
Sif Muna
Trog
Uskayaw
Wu Jian
Xom
Yredelemnul
Zin

Annotations:
D:3 1 runed translucent door, da312102's ghost, amateur HuFi
D:4 1 runed translucent door, DiscoBob's ghost, amateur DjFE


Innate Abilities, Weirdness & Mutations

You are small and have problems with some larger weapons.
You are completely attuned to the shadows.


Message History

The killer bee stings you but does no damage.
The killer bee misses you.
You miss the killer bee.
The killer bee is severely wounded.
You feel sick. The killer bee misses you. The killer bee stings you.
You are more poisoned.
The killer bee poisons you!
You miss the killer bee.
The killer bee is almost dead.
You feel very sick.
You kill the killer bee!
Okawaru accepts your kill. The killer bee misses you.
The killer bee stings you!
You hit the killer bee.
The killer bee is poisoned.
The killer bee is moderately wounded.
You feel sick. The killer bee stings you.
* * * LOW HITPOINT WARNING * * *
The killer bee stings you but does no damage.
You hit the killer bee but do no damage.
The killer bee looks as sick as possible!
The killer bee is heavily wounded.
You feel sick. The killer bee closely misses you. The killer bee stings you.
* * * LOW HITPOINT WARNING * * *
You feel sick. The killer bee stings you.
* * * LOW HITPOINT WARNING * * *
You are lethally poisoned!
The killer bee poisons you!
* * * LOW HITPOINT WARNING * * *
You feel sick.
You kill the killer bee!
Okawaru accepts your kill.
Your Fighting skill increases to level 4!
* * * LOW HITPOINT WARNING * * *
You feel sick.
The killer bee stings you but does no damage.
You feel better. The killer bee stings you.
* * * LOW HITPOINT WARNING * * *
The killer bee barely misses you. The killer bee stings you!
You die...

###......†..#
#...#.#...###...#
.....<....#.###..#...#.##
##..###
.########.#............#
#..... .#
#.###.#.#.#.##.## ##.####
.# #.# #.#.#...###.###.##
.#
####.###.#.#.#.####...##
.#
#..........#..###.#######
.# #.####.##....## ##.#
.# #.# #.##.###@###.## .#
#.# #.##.# ##y#.##
.###.####.##.# ##y##
....#)....##.# #y#
####.###### #†# #.#
####.#### #.# .........
#.# ......... ##.#.####


You could see 3 killer bees.

Vanquished Creatures
  Pikel (D:4)
  Grinder (D:3)
  Edmund (D:4)
  2 lemures (D:4)
  2 killer bees (D:5)
  2 iguanas
  Robin (D:3)
  6 adders
  A worm (D:2)
  4 dart slugs
  9 ball pythons
  3 bats
  7 endoplasms
  3 giant cockroaches
  11 goblins
  10 hobgoblins
  4 jackals (D:1)
  8 kobolds
  5 quokkas
  3 frilled lizards (D:3)
  3 rats
87 creatures vanquished.

Notes
Turn   | Place    | Note
-------+----------+-------------------------------------------
     0 | D:1      | Host24 the Kobold Hunter began the quest for the Orb.
     0 | D:1      | Reached XP level 1. HP: 12/12 MP: 1/1
    26 | D:1      | Reached skill level 5 in Crossbows
   167 | D:1      | Reached XP level 2. HP: 17/18 MP: 2/2
   548 | D:1      | Reached XP level 3. HP: 13/23 MP: 3/3
  1282 | D:2      | Found a basalt altar of Yredelemnul.
  1706 | D:2      | Reached XP level 4. HP: 6/28 MP: 4/4
  2147 | D:2      | Reached skill level 6 in Crossbows
  2333 | D:2      | Found a faded altar of an unknown god.
  2854 | D:3      | Noticed Robin
  2906 | D:2      | Reached XP level 5. HP: 11/32 MP: 5/5
  3385 | D:3      | You are sucked into a shaft and drop 1 floor!
  3439 | D:3      | Noticed Grinder
  3444 | D:3      | Paralysed by Grinder for 4 turns
  3487 | D:2      | Reached skill level 7 in Crossbows
  3641 | D:3      | Found a runed translucent door.
  3641 | D:3      | Noticed da312102's ghost (amateur HuFi)
  4236 | D:3      | Paralysed by Grinder for 2 turns
  4246 | D:3      | Killed Grinder
  4247 | D:3      | Reached skill level 8 in Crossbows
  4247 | D:3      | Reached XP level 6. HP: 24/37 MP: 6/6
  4472 | D:3      | Killed Robin
  4698 | D:4      | Reached XP level 7. HP: 41/41 MP: 7/7
  4717 | D:4      | Noticed Edmund
  4941 | D:4      | Found a runed translucent door.
  4948 | D:4      | Noticed DiscoBob's ghost (amateur DjFE)
  4950 | D:4      | Noticed Pikel
  5076 | D:4      | Found an ornate altar of the Wu Jian Council.
  5105 | D:4      | Killed Edmund
  5106 | D:4      | Reached skill level 9 in Crossbows
  5437 | D:4      | Killed Pikel
  5438 | D:4      | Reached skill level 11 in Crossbows
  5438 | D:4      | Reached XP level 8. HP: 17/46 MP: 8/8
  5952 | D:5      | Entered Level 5 of the Dungeon
  6118 | D:5      | Found a staircase to the Ecumenical Temple.
  6124 | Temple   | Entered the Ecumenical Temple
  6468 | Temple   | Became a worshipper of Warmaster Okawaru
  6562 | D:5      | Slain by a killer bee

Illustrated notes

Levels and vault maps discovered:
D:1:      mrwooster_arrival_statue_2, layout_loops_ring, minmay_box_of_dots
D:2:      layout_basic, shapermc_ecumenical_altar_mp_urbaneastern, basic_altar,
          hangedman_abyss_or_decor_stabs, minmay_puff
D:3:      layout_basic, hellmonk_ghost_happy_afterlife, uniq_robin, uniq_grinder
D:4:      layout_basic, nzn_wu_jian_council_hall, ebering_ghost_sewer_d,
          nrook_uturn, uniq_edmund, uniq_pikel
D:5:      layout_loops_ring, minmay_temple_entry_crystal_x
Temple:   regret_index_temple_mists

Skill      XL: |  1  2  3  4  5  6  7  8 |
---------------+-------------------------+-----
Crossbows      | 5 6 8 11 | 11.4
Fighting       | 3 4 |  4.0
Dodging        | 3 |  3.0
Stealth        | |  1.3

Action                   |  1- 3 |  4- 6 |  7- 9 || total
-------------------------+-------+-------+-------++-------
Melee: Short sword       |   125 |    79 |       ||   204
       Punch             |     3 |     2 |       ||     5
       Dagger            |       |    36 |    21 ||    57
       Whip              |       |       |     7 ||     7
 Fire: Hand crossbow     |     9 |    22 |    38 ||    69
  Use: Potion            |       |       |     1 ||     1
 Stab: Sleeping          |    11 |     9 |     2 ||    22
Armor: Leather armour    |    25 |    49 |    13 ||    87
Dodge: Dodged            |   108 |    96 |    37 ||   241
